 Dungeon Crawl Stone Soup version 0.25.1-2-g60ff931df9 (webtiles) character file.

Game seed: 17267141025349373499

302 DerDa the Magician (level 6, -21/37 HPs)
             Began as an Octopode Wizard on Sept 26, 2020.
             Was an Initiate of Kikubaaqudgha.
             Killed from afar by Pikel (23 damage)
             ... with a bolt of acid
             ... on level 4 of the Dungeon.
             The game lasted 00:12:52 (4262 turns).

DerDa the Magician (Octopode Wizard)                Turns: 4262, Time: 00:12:53

Health: -21/37     AC:  2    Str:  7    XL:     6   Next: 37%
Magic:  11/21      EV: 13    Int: 28    God:    Kikubaaqudgha [......]
Gold:   119        SH:  0    Dex: 10    Spells: 5/13 levels left

rFire    . . .     SeeInvis .   n - +0 long sword
rCold    . . .     Gourm    .   (no shield)
rNeg     . . .     Faith    .   a - +1 hat
rPois    .         Spirit   .   (no amulet)
rElec    .         Reflect  .   i - ring of magical power
rCorr    .         Harm     .   B - +6 ring of intelligence
MR       .....                  (no ring)
Stlth    +++.......             (no ring)
HPRegen  0.12/turn              (no ring)
MPRegen  0.17/turn              (no ring)
                                (no ring)
                                (no ring)

@: no status effects
A: almost no armour, stealthy swim, amphibious, 8 rings, constrict 8, camouflage
1, gelatinous body 1
a: Renounce Religion


You were on level 4 of the Dungeon.
You worshipped Kikubaaqudgha.
Kikubaaqudgha was noncommittal.
You were not hungry.

You visited 1 branch of the dungeon, and saw 4 of its levels.
You also visited: Sewer.

You collected 119 gold pieces.

Inventory:

Hand Weapons
 d - a +0 club
 f - a +1 whip
 n - a +0 long sword (weapon)
Missiles
 g - 18 poisoned darts (quivered)
 h - 91 stones
 o - 65 sling bullets
 p - 44 arrows
 y - 3 atropa-tipped darts
Armour
 a - a +1 hat (worn)
Jewellery
 i - a ring of magical power (left tentacle)
 B - a +6 ring of intelligence (right tentacle)
Scrolls
 b - a scroll of enchant armour
 e - 2 scrolls of enchant weapon
 j - 2 scrolls of blinking
 k - 2 scrolls of teleportation
 l - 3 scrolls of fear {unknown}
 m - a scroll of immolation {unknown}
 s - 2 scrolls of fog {unknown}
 t - a scroll of random uselessness {unknown}
 v - a scroll of amnesia {unknown}
 w - 2 scrolls of identify
Potions
 q - 2 potions of curing {unknown}
 u - 2 potions of flight {unknown}
 x - a potion of ambrosia {unknown}
 z - a potion of brilliance {unknown}
 A - a potion of berserk rage {unknown}
Comestibles
 c - 8 rations


   Skills:
 + Level 0.4 Fighting
 + Level 2.1 Dodging
 - Level 2.6 Stealth
 * Level 4.2 Spellcasting
 * Level 3.4 Conjurations
 - Level 1.0 Summonings
 * Level 0.3 Necromancy
 - Level 1.0 Translocations
 + Level 1.7 Air Magic
 * Level 3.3 Poison Magic


You had 5 spell levels left.
You knew the following spells:

 Your Spells              Type           Power        Failure   Level  Hunger
a - Magic Dart            Conj           ####         1%          1    None
b - Mephitic Cloud        Conj/Pois/Air  ###.....     7%          3    ##.....
c - Call Imp              Summ           ##......     8%          2    None
q - Blink                 Tloc           N/A          8%          2    None

Your spell library contained the following spells:

 Spells                   Type           Power        Failure   Level  Hunger
 Slow                     Hex            #.......     11%         2    None
 Conjure Flame            Conj/Fire      ###.....     11%         3    ##.....


Dungeon Overview and Level Annotations

Branches:
Dungeon (4/15)              Sewer (visited)
 Temple: D:4-7

Altars:
Gozag
Kikubaaqudgha
Nemelex Xobeh
Qazlal
Uskayaw

Shops:
D:4 %

Annotations:
D:4 Pikel


Innate Abilities, Weirdness & Mutations

You cannot wear most types of armour.
You are very stealthy in the water. (Stealth+)
You are amphibious.
You can wear up to eight rings at the same time.
You can use your tentacles to constrict eight enemies at once.
Your skin changes colour to match your surroundings (Stealth+).
Your rubbery body absorbs attacks. (AC +1, EV +1)


Message History

Casting: Magic Dart (safe; 1% risk of failure)
Confirm with . or Enter, or press ? or * to list all spells.
Aiming: Mephitic Cloud (dangerous; 7% risk of failure)
Press: ? - help, Shift-Dir - straight line The ball explodes into a vile cloud!
The stinking cloud engulfs Pikel but does no damage.
Casting: Mephitic Cloud (dangerous; 7% risk of failure)
Confirm with . or Enter, or press ? or * to list all spells.
Aiming: Mephitic Cloud (dangerous; 7% risk of failure)
Press: ? - help, Shift-Dir - straight line The ball explodes into a vile cloud!
The stinking cloud engulfs Pikel but does no damage.
Pikel is lightly wounded.
Pikel zaps a wand.
The bolt of acid misses you.
Unknown command.
Pikel is engulfed in noxious fumes.
Pikel zaps a wand.
The bolt of acid hits you!!
Ouch! That really hurt!
You die...
Kikubaaqudgha rasps: "You have failed me!
Welcome... death!"

###########
#.........#
..#######.# #.##
#.###############
#..#
#.......@...§K).#
##.###
###############.#
.....# #.# .#.###
#.# .._..# #K#
##.#.# #(# .....#
#.........#
##.###
#..##.##.....
#..# #. #†# p###


You could see Pikel.

Vanquished Creatures
  A slave (D:4)
  A bullfrog (Sewer)
  An orc wizard (D:4)
  A worker ant (D:4)
  8 adders
  3 dart slugs
  9 leopard geckos
  4 orcs
  6 ball pythons
  6 giant cockroaches
  7 goblins
  7 hobgoblins
  7 jackals
  7 kobolds
  2 quokkas
  A ball python skeleton (D:4)
  12 bats
  6 frilled lizards
  A rat (D:1)
90 creatures vanquished.

Notes
Turn   | Place    | Note
-------+----------+-------------------------------------------
     0 | D:1      | DerDa the Octopode Wizard began the quest for the Orb.
     0 | D:1      | Reached XP level 1. HP: 11/11 MP: 4/4
   478 | D:1      | Reached XP level 2. HP: 17/17 MP: 3/6
   800 | D:1      | Reached XP level 3. HP: 21/21 MP: 0/7
   961 | D:1      | Learned a level 3 spell: Mephitic Cloud
   964 | D:1      | Learned a level 2 spell: Call Imp
   967 | D:1      | Learned a level 2 spell: Blink
  1561 | D:2      | Reached skill level 1 in Poison Magic
  1714 | D:2      | Found a sparkling altar of Nemelex Xobeh.
  1911 | D:2      | Found an ancient bone altar of Kikubaaqudgha.
  2160 | D:3      | Reached XP level 4. HP: 24/27 MP: 9/9
  2217 | D:3      | Found a glowing drain.
  2228 | Sewer    | Entered a sewer
  2408 | Sewer    | Noticed a bullfrog
  2416 | Sewer    | Killed a bullfrog
  2416 | Sewer    | Reached skill level 4 in Spellcasting
  2416 | Sewer    | Reached skill level 1 in Air Magic
  2416 | Sewer    | Reached XP level 5. HP: 12/31 MP: 11/11
  3026 | D:3      | Noticed a water elemental
  3028 | D:3      | Found a stormy altar of Qazlal.
  3029 | D:3      | Noticed an air elemental
  3029 | D:3      | Noticed a fire elemental
  3322 | D:3      | Found a hide-covered altar of Uskayaw.
  3566 | D:3      | Reached XP level 6. HP: 36/36 MP: 12/12
  3710 | D:2      | Became a worshipper of Kikubaaqudgha
  3737 | D:4      | Found Ruberch's Food Shoppe.
  4111 | D:4      | Found an opulent altar of Gozag.
  4181 | D:4      | Noticed a slave
  4182 | D:4      | Noticed a slave
  4193 | D:4      | Killed a slave
  4250 | D:4      | Noticed Pikel
  4254 | D:4      | HP: 1/37 [acid (12)]
  4262 | D:4      | Killed from afar by Pikel

Illustrated notes

Levels and vault maps discovered:
D:1:      tarquinn_simple_flora_water_e, layout_rooms
D:2:      layout_loops_ring, nicolae_overflow_hidden_temple, first_ration,
          st_stairs_8, chequers_decorated_corner, kennysheep_decorative_pillar,
          nemelex_xobeh_ov_fountains_minmay
D:3:      minmay_chambers_of_twos, layout_loops_cross,
          eat_drink_and_be_merry_uskayaw, portal_sewer_entry_d,
          nicolae_qazlal_style_of_elements
D:4:      layout_loops_ring, marbit_many_paths,
          nicolae_gozag_cash_rules_everything_around_me, bloody_trog,
          minmay_temple_entry_enclosed_plants, serial_shops, kennysheep_mini,
          uniq_pikel

Skill      XL: |  1  2  3  4  5 |
---------------+----------------+-----
Conjurations   | 2 3 |  3.4
Poison Magic   | 1 2 3 |  3.3
Spellcasting   | 4 |  4.2
Air Magic      | 1 |  1.7
Fighting       | |  0.4
Dodging        | |  2.1
Stealth        | |  2.6
Summonings     | |  1.0
Necromancy     | |  0.3
Translocations | |  1.0

Action                   |  1- 3 |  4- 6 || total
-------------------------+-------+-------++-------
Melee: Club              |     4 |       ||     4
       Constrict         |     3 |     5 ||     8
       Tentacles         |     2 |     1 ||     3
       Whip              |     4 |       ||     4
       Long sword        |     1 |     1 ||     2
Throw: Dart              |     2 |       ||     2
 Cast: Magic Dart        |    94 |   143 ||   237
       Mephitic Cloud    |       |     4 ||     4
  Use: Scroll            |     6 |       ||     6
 Stab: Sleeping          |     1 |       ||     1
  Eat: Chunk             |     3 |     7 ||    10
Armor: Skin              |     4 |     3 ||     7
Dodge: Dodged            |    23 |    29 ||    52
       Rpst.: Long sword |     2 |    13 ||    15
